[Event "Titled Tuesday Blitz April 05 Late 2022"]
[White "Manelyuk, Daniil"]
[Black "Jaracz, Pawel"]
[WhiteFideId "44173920"]
[BlackFideId "1102222"]
[WhiteElo "2403"]
[BlackElo "2703"]
[Result "0-1"]
[Round "02"]
[TimeControl "180+1"]
[Date "2022.04.06"]
[WhiteClock "0:00:02"]
[BlackClock "0:00:41"]

1. e4 e5 2. Nf3 Nc6 3. Bb5 a6 4. Ba4 Nf6 5. O-O Be7 6. Re1 b5 7. Bb3 O-O 8. d4 d6 9. c3 Bg4 10. Be3 Bh5 11. Nbd2 Na5 12. Bc2 c5 13. d5 c4 14. Nf1 Ng4 15. Bd2 Bh4 16. g3 Be7 17. h3 Nf6 18. g4 Bg6 19. Ng3 Nb7 20. a4 Nc5 21. Nf5 Bxf5 22. gxf5 Nfd7 23. Kh2 Nb6 24. Rg1 Kh8 25. Bg5 Nbxa4 26. Bxe7 Qxe7 27. Ng5 g6 28. Qf3 Qf6 29. h4 Nxb2 30. Nh3 Nbd3 31. Bxd3 Nxd3 32. Rg5 h6 33. Rg4 gxf5 34. Rag1 Rg8 35. exf5 Rxg4 36. Qxg4 Nf4 37. Ng5 h5 38. Qf3 Qxf5 39. Ne4 a5 40. Rg5 Qh7 41. Nf6 Qh6 42. Ne4 Rg8 43. Rxg8+ Kxg8 44. Qg3+ Qg6 45. Qxg6+ fxg6 46. Nxd6 b4 47. cxb4 c3 48. Nc4 c2 0-1


[Site "https://www.chess.com"]

[Event "Titled Tuesday Blitz April 05 Late 2022"]
[White "Manukyan, Sargis A."]
[Black "Yuan, Qingyu"]
[WhiteFideId "13303970"]
[BlackFideId "8609772"]
[WhiteElo "2187"]
[BlackElo "2359"]
[Result "1-0"]
[Round "02"]
[TimeControl "180+1"]
[Date "2022.04.05"]
[WhiteClock "0:00:18"]
[BlackClock "0:00:09"]

1. d4 d5 2. c4 e6 3. Nc3 Nf6 4. Nf3 a6 5. cxd5 exd5 6. Bg5 Be6 7. e3 Nbd7 8. Bd3 Bd6 9. O-O c6 10. Rb1 O-O 11. b4 h6 12. Bh4 Bg4 13. h3 Bxf3 14. Qxf3 Re8 15. a4 b5 16. a5 Qe7 17. Bf5 g5 18. Bxd7 Nxd7 19. Bg3 Bxb4 20. Rfc1 Bxa5 21. Ne2 Qe6 22. h4 Rac8 23. hxg5 hxg5 24. Ra1 Bd8 25. Rxa6 Nb6 26. Nc3 Qd7 27. Qh5 Re6 28. Be5 f6 29. Qg6+ Qg7 30. Qf5 Qf7 31. Bg3 Ra8 32. Rxa8 Nxa8 33. Nxd5 cxd5 34. Rc8 Nb6 35. Rxd8+ Kg7 36. Rb8 Rc6 37. Qb1 Nd7 38. Rxb5 Qe8 39. Rb7 Qc8 40. Kh2 Qh8+ 41. Kg1 Qc8 42. Kh2 Qh8+ 43. Bh4 Qxh4+ 44. Kg1 Qg4 45. Ra7 Qe6 46. Qb7 Rc1+ 47. Kh2 Qd6+ 48. g3 Kg6 49. Qxd7 Qxd7 50. Rxd7 Rc2 51. Kg2 Kf5 52. Rxd5+ Ke4 53. Rc5 Rd2 54. Rc6 f5 55. Re6+ Kd3 56. Re5 f4 57. gxf4 gxf4 58. Kf3 fxe3 59. fxe3 Rd1 60. d5 Rf1+ 61. Kg4 Kc4 62. e4 Kc5 63. Re6 Rf2 64. Kg5 Rf1 65. Rf6 Re1 66. Kf5 Kd4 67. Re6 Rf1+ 68. Kg6 Kc5 69. Rf6 Re1 70. Kf5 Kd4 71. d6 Kc5 72. d7 Rd1 73. Ke6 Kc6 74. Ke7+ Kc7 75. Ke8 Rxd7 76. Rf7 Rxf7 77. Kxf7 Kd6 78. Kf6 Kd7 79. e5 Ke8 80. Ke6 Kf8 81. Kd7 Kf7 82. e6+ Kg7 83. e7 Kh7 84. e8=Q Kg7 85. Qe6 Kh8 86. Ke7 Kh7 87. Qg4 Kh8 88. Kf7 Kh7 89. Qh4# 1-0


[Site "https://www.chess.com"]

[Event "Titled Tuesday Blitz April 05 Late 2022"]
[White "Maranhao,Jose Renato Ruiz"]
[Black "Pesotskiy, Mikhail"]
[WhiteFideId "2135175"]
[BlackFideId "34164453"]
[WhiteElo "1970"]
[BlackElo "2010"]
[Result "0-1"]
[Round "02"]
[TimeControl "180+1"]
[Date "2022.04.06"]
[WhiteClock "0:00:10"]
[BlackClock "0:01:54"]

1. e4 e6 2. d4 d5 3. Nc3 Bb4 4. e5 c5 5. a3 Bxc3+ 6. bxc3 Qa5 7. Bd2 Qa4 8. Qb1 c4 9. Nf3 Ne7 10. Be2 Nbc6 11. O-O Bd7 12. Qxb7 Rb8 13. Qc7 Rc8 14. Qd6 Nf5 15. Qc5 Ncxd4 16. cxd4 Rxc5 17. dxc5 O-O 18. Rfb1 Qxc2 19. Rb7 Ba4 20. Rb4 Bb3 21. Rb7 d4 22. Rxa7 d3 23. Bd1 Qb2 24. Rc1 Bxd1 25. Rxd1 c3 26. Bg5 d2 27. c6 c2 0-1


[Site "https://www.chess.com"]

[Event "Titled Tuesday Blitz April 05 Late 2022"]
[White "Martin Duque, Jesus"]
[Black "Gomez Dieguez, David"]
[WhiteFideId "2208954"]
[BlackFideId "22223630"]
[WhiteElo "2243"]
[BlackElo "2115"]
[Result "1-0"]
[Round "02"]
[TimeControl "180+1"]
[Date "2022.04.06"]
[WhiteClock "0:01:10"]
[BlackClock "0:00:01"]

1. Nf3 d5 2. e3 Nf6 3. d4 c5 4. dxc5 e6 5. b4 a5 6. c3 Bd7 7. Ne5 axb4 8. Nxd7 Nbxd7 9. cxb4 Ne4 10. Bb2 Qc7 11. Bd3 Be7 12. O-O O-O 13. Bxe4 dxe4 14. Nc3 Nf6 15. Nb5 Qb8 16. Qc2 Rd8 17. a4 Rd3 18. Qc4 h6 19. a5 Ng4 20. g3 Nf6 21. Bxf6 Bxf6 22. Qxe4 Bxa1 23. Qxd3 Bf6 24. Qd7 h5 25. Nd6 Qf8 26. Nxb7 Rb8 27. a6 h4 28. a7 Ra8 29. b5 h3 30. b6 g6 31. Nd6 Qg7 32. Qxf7+ Qxf7 33. Nxf7 Kxf7 34. b7 Rxa7 35. b8=Q Re7 36. c6 g5 37. c7 e5 38. c8=Q 1-0


[Site "https://www.chess.com"]

[Event "Titled Tuesday Blitz April 05 Late 2022"]
[White "Mekhitarian, Krikor Sevag"]
[Black "Danaci, Ege"]
[WhiteFideId "2107660"]
[BlackFideId "34506748"]
[WhiteElo "2762"]
[BlackElo "2391"]
[Result "1-0"]
[Round "02"]
[TimeControl "180+1"]
[Date "2022.04.06"]
[WhiteClock "0:00:39"]
[BlackClock "0:00:04"]

1. Nf3 d5 2. c4 c6 3. e3 Nf6 4. Nc3 e6 5. b3 Be7 6. Bb2 O-O 7. d4 Nbd7 8. Bd3 a6 9. O-O b5 10. Qc2 Rb8 11. e4 bxc4 12. bxc4 h6 13. e5 Ne8 14. c5 Nc7 15. Rfe1 a5 16. Ne2 Ba6 17. Bxa6 Nxa6 18. a3 Qc7 19. Bc3 Rb5 20. Nf4 Rfb8 21. h4 Rb3 22. Nd2 R3b5 23. g3 Qb7 24. a4 Rb4 25. Bxb4 Nxb4 26. Qc3 Qa6 27. Rab1 Bf8 28. Re3 Re8 29. Nd3 Nxd3 30. Qxd3 Qc8 31. Nf3 Nb8 32. Rb6 Be7 33. Re1 Bd8 34. Rb3 Na6 35. Qe2 Nb4 36. Reb1 Bc7 37. Ne1 f6 38. exf6 gxf6 39. Nd3 1-0


[Site "https://www.chess.com"]

[Event "Titled Tuesday Blitz April 05 Late 2022"]
[White "Mickiewicz, Piotr"]
[Black "Winkels, Marcel"]
[WhiteFideId "1114891"]
[BlackFideId "1003887"]
[WhiteElo "2266"]
[BlackElo "1900"]
[Result "1-0"]
[Round "02"]
[TimeControl "180+1"]
[Date "2022.04.06"]
[WhiteClock "0:00:52"]
[BlackClock "0:00:27"]

1. Nf3 Nf6 2. g3 g6 3. Bg2 Bg7 4. O-O O-O 5. d3 c5 6. e4 Nc6 7. Nc3 d6 8. h3 Bd7 9. Be3 Rb8 10. a4 a6 11. Qd2 b5 12. axb5 axb5 13. Bh6 b4 14. Ne2 Qc8 15. Kh2 Re8 16. b3 Bh8 17. Ra2 Qc7 18. Ng5 Nd4 19. Nxd4 cxd4 20. Rfa1 Bc6 21. Ra6 Rb6 22. Ra7 Rb7 23. R7a5 Nd7 24. f4 Nc5 25. R1a2 Ne6 26. Nxe6 fxe6 27. h4 Rbb8 28. Bh3 Bd7 29. Ra7 Rb7 30. R7a5 Reb8 31. h5 gxh5 32. Qe2 Bg7 33. Qxh5 Bxh6 34. Qxh6 Kh8 35. Rh5 1-0


[Site "https://www.chess.com"]

[Event "Titled Tuesday Blitz April 05 Late 2022"]
[White "Migot, Tangi"]
[Black "Chyngyz, Sultai"]
[WhiteFideId "662445"]
[BlackFideId "13803158"]
[WhiteElo "2517"]
[BlackElo "2267"]
[Result "1-0"]
[Round "02"]
[TimeControl "180+1"]
[Date "2022.04.06"]
[WhiteClock "0:00:10"]
[BlackClock "0:00:18"]

1. e4 c5 2. Nf3 d6 3. c3 Nf6 4. h3 g6 5. Bd3 Bg7 6. Bc2 O-O 7. d4 Nc6 8. O-O cxd4 9. cxd4 e5 10. d5 Nb4 11. Nc3 Nxc2 12. Qxc2 Qc7 13. a4 Bd7 14. Be3 Nh5 15. Rfc1 f5 16. Ng5 f4 17. Bd2 Rae8 18. Nb5 Qb8 19. Bb4 Bxb5 20. axb5 Rc8 21. Qb3 f3 22. g3 Rxc1+ 23. Rxc1 Bh6 24. Bd2 Rc8 25. Qxf3 Rxc1+ 26. Bxc1 Qc7 27. Qc3 Qxc3 28. bxc3 Nf6 29. f3 Nh5 30. Kf2 Bxg5 31. Bxg5 Ng7 32. Be3 b6 33. Bg5 Ne8 34. f4 Kf7 35. f5 gxf5 36. exf5 h6 37. Bxh6 Nf6 38. c4 Ne4+ 39. Kf3 Nc3 40. g4 Nd1 41. Bc1 Kf6 42. h4 Nc3 43. Bd2 Nb1 44. Bc1 Nc3 45. h5 Na2 46. Bb2 Kg5 47. Ke4 Nb4 48. Bc1+ Kf6 49. h6 Na2 50. g5+ Kf7 51. g6+ Kf6 52. h7 Kg7 53. Bh6+ Kh8 54. Bd2 Kg7 55. f6+ Kh8 56. f7 Kg7 57. h8=Q+ Kxg6 58. Qg8+ Kh5 59. Qg5# 1-0


[Site "https://www.chess.com"]

[Event "Titled Tuesday Blitz April 05 Late 2022"]
[White "Mikhnenko, Alexander"]
[Black "Kozak, Antoni"]
[WhiteFideId "34143014"]
[BlackFideId "21832030"]
[WhiteElo "2382"]
[BlackElo "2627"]
[Result "1-0"]
[Round "02"]
[TimeControl "180+1"]
[Date "2022.04.06"]
[WhiteClock "0:00:52"]
[BlackClock "0:00:09"]

1. e4 c5 2. Nf3 d6 3. d4 cxd4 4. Nxd4 Nf6 5. Nc3 a6 6. Bc4 e6 7. Bb3 Nbd7 8. f4 Nc5 9. Qf3 b5 10. f5 b4 11. fxe6 fxe6 12. Na4 Nxb3 13. axb3 Qc7 14. O-O Be7 15. e5 Bb7 16. Nxe6 Qc8 17. Nxg7+ Kf7 18. Qg3 dxe5 19. Nf5 Qf8 20. Bh6 Qg8 21. Bg7 h5 22. Qxe5 Qb8 23. Qxe7+ Kg6 24. Qxf6+ Kh7 25. Qh6+ Kg8 26. Qxh8+ Kf7 1-0


[Site "https://www.chess.com"]

[Event "Titled Tuesday Blitz April 05 Late 2022"]
[White "Miszler, Levente"]
[Black "Wu, Christopher"]
[WhiteFideId "763276"]
[BlackFideId "2040875"]
[WhiteElo "2377"]
[BlackElo "2610"]
[Result "0-1"]
[Round "02"]
[TimeControl "180+1"]
[Date "2022.04.06"]
[WhiteClock "0:00:03"]
[BlackClock "0:00:36"]

1. Nf3 c5 2. d4 cxd4 3. Nxd4 g6 4. c4 Bg7 5. Nc3 Nf6 6. g3 O-O 7. Bg2 Nc6 8. O-O a6 9. Nxc6 bxc6 10. Qc2 d5 11. Rd1 e6 12. b3 Bb7 13. Bb2 Qa5 14. Na4 Rad8 15. cxd5 cxd5 16. Rac1 Rc8 17. Qd3 Bc6 18. Ba3 Rfe8 19. Rc5 Bb5 20. Qc2 Rxc5 21. Qxc5 Bf8 22. Qc1 Bxe2 23. Bxf8 Bxd1 24. Bh6 Qe1+ 25. Bf1 Ng4 26. Qd2 Qxd2 27. Bxd2 Ra8 28. Nb6 Rb8 29. Be3 Nxe3 0-1


[Site "https://www.chess.com"]

[Event "Titled Tuesday Blitz April 05 Late 2022"]
[White "Mkrtchyan, Mariam"]
[Black "Kujawski, Adam"]
[WhiteFideId "13310828"]
[BlackFideId "1100920"]
[WhiteElo "2534"]
[BlackElo "2331"]
[Result "1-0"]
[Round "02"]
[TimeControl "180+1"]
[Date "2022.04.06"]
[WhiteClock "0:00:32"]
[BlackClock "0:00:02"]

1. d4 Nf6 2. Nf3 c5 3. d5 e6 4. c4 exd5 5. cxd5 d6 6. Nc3 g6 7. e4 Bg7 8. h3 O-O 9. Bd3 b5 10. a3 a6 11. O-O Bb7 12. Re1 Nbd7 13. Bf4 Qc7 14. Qd2 Rfe8 15. Rad1 Rac8 16. Bxb5 axb5 17. Nxb5 Qb6 18. Nxd6 Nh5 19. Bh2 Ne5 20. Bxe5 Bxe5 21. Nxe8 Bf4 22. Qc3 Rxe8 23. e5 c4 24. Qxc4 Ba6 25. Qc6 Qxc6 26. dxc6 Rc8 27. Rd6 Bb5 28. Nd4 Bc4 29. b3 Bd3 30. Rd7 Ng7 31. c7 Bg5 32. Rd1 Ba6 33. Nf3 h6 34. Nxg5 hxg5 35. Rd8+ Kh7 36. Rxc8 Bxc8 37. Rd8 1-0


[Site "https://www.chess.com"]

[Event "Titled Tuesday Blitz April 05 Late 2022"]
[White "Morris-Suzuki, Sophie"]
[Black "Ardila, Oscar Humberto"]
[WhiteFideId "30922615"]
[BlackFideId "4404742"]
[WhiteElo "2503"]
[BlackElo "1983"]
[Result "1-0"]
[Round "02"]
[TimeControl "180+1"]
[Date "2022.04.06"]
[WhiteClock "0:00:36"]
[BlackClock "0:00:22"]

1. d4 Nf6 2. c4 g6 3. Nc3 Bg7 4. e4 d6 5. f3 O-O 6. Nge2 e5 7. dxe5 dxe5 8. Qxd8 Rxd8 9. Bg5 Re8 10. Nd5 Nxd5 11. cxd5 h6 12. Be3 c6 13. Nc3 cxd5 14. Nxd5 Na6 15. Bxa6 bxa6 16. Nc7 Be6 17. Nxa8 Rxa8 18. O-O Rb8 19. b3 Rb7 20. Rfd1 Kh7 21. Rd6 a5 22. Ra6 Rc7 23. Rxa7 Rc2 24. Rxa5 g5 25. Rc1 Rb2 26. Rd1 Re2 27. Bf2 g4 28. Re1 Rc2 29. b4 gxf3 30. gxf3 Bf8 31. a3 Be7 32. Rxe5 Bf6 33. Rc5 Ra2 34. e5 Bg5 35. h4 Bf4 36. Re4 Bd2 37. Be3 Bf5 38. Bxd2 Bxe4 39. fxe4 Rxd2 40. Rc3 Kg6 41. Rb3 Kh5 42. b5 Kg4 43. b6 Rd1+ 44. Kf2 Rd2+ 45. Ke3 Rd8 46. b7 Rb8 47. a4 Kxh4 48. a5 Kg3 49. a6 h5 50. a7 Rd8 51. b8=Q Rxb8 52. axb8=Q 1-0


[Site "https://www.chess.com"]

[Event "Titled Tuesday Blitz April 05 Late 2022"]
[White "Murzin, Volodar"]
[Black "Iskusnyh, Sergei"]
[WhiteFideId "44155573"]
[BlackFideId "4120027"]
[WhiteElo "2585"]
[BlackElo "2492"]
[Result "0-1"]
[Round "02"]
[TimeControl "180+1"]
[Date "2022.04.05"]
[WhiteClock "0:00:06"]
[BlackClock "0:00:16"]

1. e4 e6 2. d3 c5 3. Nd2 Nc6 4. Ngf3 g6 5. g3 Bg7 6. Bg2 d6 7. O-O Nge7 8. c3 O-O 9. a4 b6 10. Nc4 Ba6 11. Re1 Rc8 12. h4 d5 13. exd5 exd5 14. Nce5 Nxe5 15. Nxe5 Nc6 16. Bf4 Nxe5 17. Bxe5 Re8 18. Bxg7 Rxe1+ 19. Qxe1 Kxg7 20. Rd1 d4 21. c4 Qf6 22. b4 Rc7 23. a5 Re7 24. Qd2 Bc8 25. bxc5 bxc5 26. Rb1 h5 27. Rb5 Qd6 28. Be4 Ba6 29. Rb2 Bxc4 30. Bxg6 fxg6 31. dxc4 Qe6 32. Qg5 Qe5 33. a6 d3 34. Rb7 Qxg5 35. hxg5 Kf8 36. Rxe7 Kxe7 37. Kf1 Ke6 38. Ke1 Kf5 39. Kd2 Ke4 40. f4 h4 41. gxh4 Kxf4 42. h5 Kxg5 43. hxg6 Kxg6 44. Kxd3 Kf5 45. Ke3 Ke5 46. Kd3 Kf4 47. Kc3 Ke4 48. Kb3 Kd4 49. Ka4 Kxc4 50. Ka5 Kd5 51. Kb5 c4 52. Kb4 Kd4 0-1


[Site "https://www.chess.com"]

[Event "Titled Tuesday Blitz April 05 Late 2022"]
[White "Naroditsky, Daniel"]
[Black "Rorrer, Grayson"]
[WhiteFideId "2026961"]
[BlackFideId "30944996"]
[WhiteElo "2608"]
[BlackElo "2122"]
[Result "1-0"]
[Round "02"]
[TimeControl "180+1"]
[Date "2022.04.05"]
[WhiteClock "0:00:06"]
[BlackClock "0:00:02"]

1. d4 Nf6 2. Bf4 e6 3. e3 c5 4. Nf3 cxd4 5. exd4 d6 6. c3 Be7 7. Bd3 O-O 8. O-O Nbd7 9. Re1 Re8 10. Na3 b6 11. Nc4 Qc7 12. a4 Bb7 13. h3 a6 14. Bh2 Bc6 15. Ncd2 Qb7 16. c4 b5 17. b3 Bf8 18. Qc2 h6 19. d5 exd5 20. cxb5 axb5 21. Nd4 Nc5 22. Bxb5 Bxb5 23. Nxb5 Nfe4 24. Nxe4 Nxe4 25. Qc7 Nc5 26. Rxe8 Rxe8 27. Qxb7 Nxb7 28. Bf4 Nc5 29. b4 Nd3 30. Bd2 Re2 31. a5 Rxd2 32. a6 Rc2 33. a7 Rc8 34. a8=Q Rxa8 35. Rxa8 Nxb4 36. Nxd6 g6 37. Ne8 d4 38. Rd8 d3 39. Nf6+ Kg7 40. Ne4 Be7 41. Rd7 Kf8 42. Kf1 f5 43. Nd2 Ke8 44. Rb7 Nd5 45. Rb3 Nb4 46. Rc3 Kf7 47. Rc4 Ke6 48. Ke1 Kd5 49. Kd1 Nc6 50. Rc3 Ne5 51. f4 Kd4 52. Rc7 Bd6 53. Rg7 Nc6 54. Rxg6 Kd5 55. Rg3 Nb4 56. Rf3 Kd4 57. g4 Nd5 58. Nb3+ Ke4 59. Nd2+ Kd4 60. g5 Bxf4 61. g6 Nc3+ 62. Ke1 Be5 63. Rxf5 Ne4 64. Nxe4 Kxe4 65. Rxe5+ Kxe5 66. g7 1-0


[Site "https://www.chess.com"]

[Event "Titled Tuesday Blitz April 05 Late 2022"]
[White "Nepomniachtchi, Ian"]
[Black "Cagara, Paulina"]
[WhiteFideId "4168119"]
[BlackFideId "1124870"]
[WhiteElo "3079"]
[BlackElo "2126"]
[Result "1-0"]
[Round "02"]
[TimeControl "180+1"]
[Date "2022.04.06"]
[WhiteClock "0:02:20"]
[BlackClock "0:01:24"]

1. e4 c6 2. d4 d5 3. exd5 cxd5 4. c4 Nf6 5. Nc3 Nc6 6. Nf3 Bg4 7. cxd5 Nxd5 8. Qb3 Bxf3 9. gxf3 e6 10. Qxb7 Nxd4 11. Bb5+ Nxb5 12. Qc6+ Ke7 13. Qxb5 Nxc3 14. bxc3 Rb8 15. Qc4 Qd6 16. O-O f6 17. Bf4 e5 18. Rad1 Qb6 19. Rfe1 Ke8 20. Bxe5 fxe5 21. Rxe5+ Be7 22. Rde1 Rb7 23. Qc8+ Kf7 24. Qxh8 Qg6+ 25. Kh1 Qf6 26. R5e3 Kg6 27. Qe8+ Qf7 28. Rxe7 1-0


[Site "https://www.chess.com"]

[Event "Titled Tuesday Blitz April 05 Late 2022"]
[White "Ovetchkin, Roman"]
[Black "Sarkar, Justin"]
[WhiteFideId "4119991"]
[BlackFideId "2010011"]
[WhiteElo "2733"]
[BlackElo "2315"]
[Result "1-0"]
[Round "02"]
[TimeControl "180+1"]
[Date "2022.04.06"]
[WhiteClock "0:00:07"]
[BlackClock "0:00:01"]

1. d4 Nf6 2. c4 e6 3. g3 c5 4. d5 d6 5. Nc3 exd5 6. cxd5 g6 7. Bg2 Bg7 8. Nf3 O-O 9. O-O Nbd7 10. Bf4 Qe7 11. Re1 Nh5 12. Bd2 f5 13. e4 f4 14. g4 Nhf6 15. e5 dxe5 16. g5 Ne8 17. Ne4 Nd6 18. Nxd6 Qxd6 19. Bc3 b5 20. Nd2 Bb7 21. Ne4 Qb6 22. b4 c4 23. a4 a6 24. a5 Qc7 25. f3 Rad8 26. Bh3 Kh8 27. Be6 Rfe8 28. Qe2 Nf8 29. d6 Qc6 30. Bg4 Ne6 31. Bxe6 Rxe6 32. Rad1 Qc8 33. Nc5 Rexd6 34. Bxe5 Rxd1 35. Bxg7+ Kxg7 36. Rxd1 Rxd1+ 37. Qxd1 Bc6 38. Qd4+ Kg8 39. Qe5 Qe8 40. Ne6 Bd7 41. Qg7# 1-0


[Site "https://www.chess.com"]

[Event "Titled Tuesday Blitz April 05 Late 2022"]
[White "Ozdemir, Serhan Berat"]
[Black "Tristan, Leonardo"]
[WhiteFideId "6374611"]
[BlackFideId "113816"]
[WhiteElo "2428"]
[BlackElo "2788"]
[Result "0-1"]
[Round "02"]
[TimeControl "180+1"]
[Date "2022.04.06"]
[WhiteClock "0:00:33"]
[BlackClock "0:01:13"]

1. e4 d5 2. exd5 Qxd5 3. Nc3 Qa5 4. d4 Nf6 5. Nf3 Bf5 6. Bc4 e6 7. O-O Bb4 8. Bd2 Nc6 9. a3 Bxc3 10. Bxc3 Qb6 11. a4 a5 12. Bb5 O-O 13. Ne5 Nxe5 14. dxe5 Rad8 15. exf6 Rxd1 16. Raxd1 gxf6 17. Bxf6 c6 18. Bd3 Bg6 19. Rfe1 Qb4 20. Bc3 Qxa4 21. Bxg6 hxg6 22. Rd7 b5 23. b3 Qg4 24. h3 Qf5 25. Bxa5 Qxc2 26. b4 c5 27. bxc5 Qxc5 28. Rc7 Qd6 29. Rb7 Qa6 0-1


[Site "https://www.chess.com"]

[Event "Titled Tuesday Blitz April 05 Late 2022"]
[White "P., Komal Kishore"]
[Black "Martin Barcelo, Carles"]
[WhiteFideId "5016703"]
[BlackFideId "24561444"]
[WhiteElo "2080"]
[BlackElo "1875"]
[Result "0-1"]
[Round "02"]
[TimeControl "180+1"]
[Date "2022.04.06"]
[WhiteClock "0:00:33"]
[BlackClock "0:01:34"]

1. e4 e6 2. d4 d5 3. Nd2 c5 4. exd5 Qxd5 5. Ngf3 cxd4 6. Bc4 Qd6 7. O-O Nf6 8. Re1 Nc6 9. Nb3 Be7 10. Nbxd4 Nxd4 11. Qxd4 Qxd4 12. Nxd4 Bd7 13. Nb5 Rc8 14. Bd3 a6 15. Nc3 O-O 16. Bg5 b5 17. Rad1 Rfd8 18. Ne2 Bc6 19. c3 Bc5 20. Bh4 h6 21. Ng3 g5 22. Ne4 Bxe4 23. Bxe4 Nxe4 24. Bg3 Nxg3 25. hxg3 Kf8 26. Kf1 Ke7 27. Ke2 Rxd1 28. Rxd1 Rd8 29. Rh1 Rh8 30. g4 Kf6 31. b3 Bb6 32. Kd3 Rd8+ 33. Ke2 Kg7 34. Rc1 f5 35. f3 fxg4 36. fxg4 Rf8 37. c4 bxc4 38. bxc4 Rf2+ 39. Kd3 Rxg2 40. c5 Bc7 41. Rb1 Kf6 42. Rb7 Bf4 43. c6 Rg1 0-1


[Site "https://www.chess.com"]

[Event "Titled Tuesday Blitz April 05 Late 2022"]
[White "Papasimakopoulos, Alexandros"]
[Black "Girsh, Daniel"]
[WhiteFideId "4244125"]
[BlackFideId "30949190"]
[WhiteElo "2721"]
[BlackElo "2309"]
[Result "1-0"]
[Round "02"]
[TimeControl "180+1"]
[Date "2022.04.06"]
[WhiteClock "0:00:44"]
[BlackClock "0:00:15"]

1. d4 Nf6 2. c4 e6 3. Nc3 Bb4 4. Qc2 O-O 5. a3 Bxc3+ 6. Qxc3 d5 7. Nf3 c5 8. cxd5 cxd4 9. Qxd4 Nxd5 10. e4 Nb6 11. Be3 Nc6 12. Qc3 e5 13. Bb5 f6 14. O-O Kh8 15. Rfd1 Qe8 16. Nd2 Be6 17. Bxc6 Qxc6 18. Qxc6 bxc6 19. b3 Rfd8 20. Rdc1 Rac8 21. Rc3 c5 22. Rac1 c4 23. Bxb6 axb6 24. Nxc4 Bxc4 25. Rxc4 Rxc4 26. bxc4 Rd3 27. f3 Rxa3 28. Rb1 h6 29. Rxb6 Rc3 30. Rc6 Rc2 31. h4 Kh7 32. h5 Kg8 33. Rc7 Kf8 34. Kh2 Kg8 35. Kh3 Kh7 36. Rc8 Rc3 37. c5 Rc2 38. c6 Rc3 39. Kg4 Rc5 40. Kf5 Rc2 41. Ke6 Rxg2 42. Rd8 Rc2 43. Rd6 g6 44. Kd7 gxh5 45. c7 h4 46. Rc6 Rd2+ 47. Ke6 h3 48. c8=Q h2 49. Rc7+ Kg6 50. Qg8+ Kh5 51. Qg4# 1-0


[Site "https://www.chess.com"]

[Event "Titled Tuesday Blitz April 05 Late 2022"]
[White "Papp, Levente"]
[Black "Matlakov, Maxim"]
[WhiteFideId "751243"]
[BlackFideId "4168003"]
[WhiteElo "2308"]
[BlackElo "2669"]
[Result "0-1"]
[Round "02"]
[TimeControl "180+1"]
[Date "2022.04.05"]
[WhiteClock "0:00:01"]
[BlackClock "0:00:40"]

1. g3 d5 2. Nf3 g6 3. Bg2 Bg7 4. d4 Nf6 5. O-O O-O 6. c4 dxc4 7. Na3 c3 8. bxc3 c5 9. Re1 Nc6 10. e3 Bf5 11. Nc4 Rc8 12. Ba3 Ne4 13. Rc1 Be6 14. Nfd2 Nxd2 15. Nxd2 cxd4 16. cxd4 Bxa2 17. Qa4 Be6 18. Ne4 Bd5 19. f3 a6 20. Nc5 Na7 21. Bb2 Bc6 22. Qb3 Nb5 23. Red1 e6 24. Qa2 Re8 25. Qa1 Qg5 26. f4 Qh5 27. Bxc6 Rxc6 28. Nxb7 Qf3 29. Rxc6 Qxe3+ 30. Kg2 Qe4+ 31. Kh3 Qxc6 32. Nc5 Qf3 33. Re1 Qh5+ 34. Kg2 Qd5+ 35. Kh3 Nxd4 36. Ne4 Qh5+ 37. Kg2 Qf3+ 38. Kh3 Ne2 39. Be5 Nxf4+ 40. Bxf4 Bxa1 41. Rxa1 Qh5+ 0-1


[Site "https://www.chess.com"]

[Event "Titled Tuesday Blitz April 05 Late 2022"]
[White "Piesik, Piotr"]
[Black "Paravyan, David"]
[WhiteFideId "1136194"]
[BlackFideId "4194985"]
[WhiteElo "2190"]
[BlackElo "2569"]
[Result "0-1"]
[Round "02"]
[TimeControl "180+1"]
[Date "2022.04.05"]
[WhiteClock "0:00:06"]
[BlackClock "0:00:10"]

1. Nf3 Nf6 2. g3 c5 3. Bg2 Nc6 4. O-O e5 5. c4 d5 6. cxd5 Nxd5 7. Nc3 Be6 8. d3 Be7 9. Nxd5 Bxd5 10. Be3 O-O 11. Qa4 b6 12. Rfc1 Qd6 13. Nd2 Bxg2 14. Kxg2 f5 15. f3 Kh8 16. a3 Nd4 17. Kf2 Qg6 18. b4 Qh5 19. Rh1 a5 20. bxc5 Bxc5 21. Rac1 f4 22. Bxd4 Bxd4+ 23. Kg2 Be3 24. Rc2 Qe8 25. Qxe8 Rfxe8 26. Nc4 Bd4 27. Rb1 Rac8 28. Rb5 Rc6 29. Rc1 Rec8 30. Rcb1 h6 31. Nxe5 Rc2 32. Kf1 Ra2 33. Ng6+ Kh7 34. Nxf4 Rcc2 35. h4 Rxa3 36. h5 a4 37. Rf5 Rb3 38. Rd1 Rc8 39. Ne6 Bf6 40. g4 a3 41. g5 hxg5 42. Nxg5+ Bxg5 43. Rxg5 a2 0-1


[Site "https://www.chess.com"]

[Event "Titled Tuesday Blitz April 05 Late 2022"]
[White "Potapova, Margarita"]
[Black "Novikova, Galina"]
[WhiteFideId "14126869"]
[BlackFideId "4157095"]
[WhiteElo "2613"]
[BlackElo "2377"]
[Result "1-0"]
[Round "02"]
[TimeControl "180+1"]
[Date "2022.04.06"]
[WhiteClock "0:01:58"]
[BlackClock "0:00:03"]

1. Nf3 d5 2. c4 c6 3. d4 e6 4. g3 Nf6 5. Bg2 Be7 6. O-O O-O 7. Qc2 b6 8. Nbd2 Bb7 9. e4 dxe4 10. Nxe4 Nxe4 11. Qxe4 Nd7 12. Rd1 Nf6 13. Qe2 Qc8 14. Bf4 Re8 15. Ne5 c5 16. dxc5 Bxg2 17. Kxg2 Bxc5 18. Qf3 Qa6 19. a3 Rad8 20. b4 Bf8 21. b5 Qa4 22. g4 h6 23. h4 Rxd1 24. Rxd1 Qxa3 25. Rd3 Qa1 26. g5 hxg5 27. hxg5 Nh7 28. Nxf7 e5 29. Qd5 Nxg5 30. Nxg5+ Kh8 31. Rh3# 1-0


[Site "https://www.chess.com"]

[Event "Titled Tuesday Blitz April 05 Late 2022"]
[White "Prohorov, Olexandr"]
[Black "Bazeev, German"]
[WhiteFideId "14105578"]
[BlackFideId "24119350"]
[WhiteElo "2461"]
[BlackElo "2785"]
[Result "0-1"]
[Round "02"]
[TimeControl "180+1"]
[Date "2022.04.06"]
[WhiteClock "0:00:43"]
[BlackClock "0:02:18"]

1. e4 c5 2. c3 Nf6 3. e5 Nd5 4. Nf3 Nc6 5. Bc4 e6 6. d4 cxd4 7. cxd4 d6 8. Qe2 Be7 9. Nc3 Nxc3 10. bxc3 dxe5 11. Nxe5 Nxe5 12. Qxe5 Bf6 13. Qe2 O-O 14. O-O Bd7 15. Bd2 Rc8 16. Bd3 Bc6 17. Rac1 Qd5 18. f3 Rfe8 19. Be4 Qd7 20. Bxc6 Qxc6 21. Qe4 b5 22. Rfd1 a6 23. Qg4 Qd5 24. Qe4 Rc6 25. Re1 Rec8 26. Qxd5 exd5 27. Kf1 Re6 28. Rb1 Be7 29. Kf2 Rc4 30. g4 Bh4+ 31. Kf1 Bxe1 32. Bxe1 f5 33. gxf5 Rf6 34. Bd2 Rxf5 35. Ke2 Rc6 36. Rg1 Kf7 37. Rg4 Re6+ 38. Kf2 h6 39. h4 Rg6 40. Rf4 Rxf4 41. Bxf4 Rc6 42. Bd2 Rc4 43. Kg3 Ra4 44. Kf4 Ke6 45. Be3 Rxa2 46. Kg4 a5 47. Kh5 Rg2 0-1


[Site "https://www.chess.com"]

[Event "Titled Tuesday Blitz April 05 Late 2022"]
[White "Przybylski, Wojciech"]
[Black "Curtis, John"]
[WhiteFideId "1117599"]
[BlackFideId "3200256"]
[WhiteElo "2133"]
[BlackElo "2203"]
[Result "1-0"]
[Round "02"]
[TimeControl "180+1"]
[Date "2022.04.06"]
[WhiteClock "0:01:10"]
[BlackClock "0:00:02"]

1. d4 Nf6 2. c4 e6 3. Nc3 d5 4. Nf3 Be7 5. Bg5 Nbd7 6. e3 c6 7. Rc1 O-O 8. Be2 dxc4 9. Bxc4 Nd5 10. Bxe7 Qxe7 11. O-O Nxc3 12. Rxc3 e5 13. dxe5 Nxe5 14. Nxe5 Qxe5 15. Bd3 g6 16. Qc2 Rd8 17. h3 Bd7 18. a4 Be8 19. Re1 b6 20. f4 Qe7 21. e4 Rd4 22. Re3 Rad8 23. Qf2 c5 24. e5 Bxa4 25. f5 Qg5 26. e6 fxe6 27. fxg6 hxg6 28. Rg3 Qf4 29. Rxg6+ Kh8 30. Qe2 R4d7 31. Rc4 Qd6 32. Rh4+ Rh7 33. Rxh7+ 1-0


[Site "https://www.chess.com"]